 Dungeon Crawl Stone Soup version 0.29-a0-283-ga02f740833 (webtiles) character file.

Game seed: 16678395888048788316

116 YayAnonymity the Sneak (level 4, -2/21 HPs)
             Began as a Spriggan Enchanter on Mar 13, 2022.
             Killed from afar by Natasha (8 damage)
             ... with a magic dart
             ... on level 2 of the Dungeon.
             The game lasted 00:04:20 (2013 turns).

YayAnonymity the Sneak (Spriggan Enchanter)         Turns: 2013, Time: 00:04:20

Health: -2/21      AC:  3    Str:  4    XL:     4   Next: 69%
Magic:  8/9        EV: 18    Int: 18    God:
Gold:   77         SH:  0    Dex: 21    Spells: 6/8 levels left

rFire   . . .      SeeInvis +   a - +1 dagger
rCold   . . .      Faith    .   (no shield)
rNeg    . . .      Spirit   .   b - +0 robe
rPois   .          Reflect  .   (helmet restricted)
rElec   .          Harm     .   d - +0 cloak
rCorr   .          Rampage  .   (gloves unavailable)
Will    .....                   (boots unavailable)
Stlth   +++.......              (no amulet)
HPRegen 0.07/turn               i - +6 ring of dexterity
MPRegen 0.11/turn               k - ring of flight

@: flying, very quick
A: very small, no large weapons, unfitting armour, see invisible, speed 3
a: no special abilities


You were on level 2 of the Dungeon.
You visited 1 branch of the dungeon, and saw 2 of its levels.

You collected 77 gold pieces.

Inventory:

Hand Weapons
 a - a +1 dagger (weapon)
Armour
 b - a +0 robe (worn)
 d - a +0 cloak (worn)
Jewellery
 i - a +6 ring of dexterity (left hand)
 k - a ring of flight (right hand)
Wands
 m - a wand of polymorph (10)
Scrolls
 e - a scroll of noise {unknown}
 f - a scroll of enchant weapon {unknown}
 g - a scroll of summoning {unknown}
 h - a scroll of identify {unknown}
 l - a scroll of teleportation {unknown}
 o - a scroll of amnesia {unknown}
 q - 2 scrolls of brand weapon {unknown}
Potions
 c - 2 potions of invisibility
 j - 2 potions of curing
 n - 3 potions of mutation {unknown}
 p - a potion of brilliance {unknown}


   Skills:
 * Level 3.6 Short Blades
 - Level 2.6 Dodging
 + Level 5.6 Stealth
 - Level 2.6 Spellcasting
 + Level 4.5 Hexes


You had 6 spell levels left.
You knew the following spells:

 Your Spells              Type           Power      Damage    Failure   Level
a - Ensorcelled Hibernat  Hex/Ice        20%        N/A       10%         2

Your spell library contained the following spells:

 Spells                   Type           Power      Damage    Failure   Level
 Confusing Touch          Hex            18%        N/A       8%          3
 Tukima's Dance           Hex            18%        N/A       8%          3
 Dazzling Flash           Conj/Hex       20%        N/A       21%         3


Dungeon Overview and Level Annotations

Branches:
Dungeon (2/15)

Altars:

Annotations:
D:2 Natasha


Innate Abilities, Weirdness & Mutations

You are very small and have problems with some larger weapons.
You are too small for most types of armour.
You have supernaturally acute eyesight. (SInv)
You cover ground extremely quickly. (Speed+++)


Message History

Natasha is moderately wounded.
Natasha misses you.
You closely miss Natasha.
Natasha is moderately wounded.
Natasha claws you.
You barely miss Natasha.
Natasha is moderately wounded.
Natasha claws you.
You closely miss Natasha.
Natasha is moderately wounded.
Natasha misses you.
You barely miss Natasha.
Natasha is moderately wounded.
Casting: Ensorcelled Hibernation (safe; 10% risk of failure)
Confirm with . or Enter, or press ? or * to list all spells.
Aiming: Ensorcelled Hibernation (safe; 10% risk of failure)
Press: ? - help, Shift-Dir - straight line, f - you That would be overly suicidal.
Okay, then.
You hit Natasha.
Natasha is severely wounded.
Natasha claws you.
You hit Natasha.
Natasha is almost dead.
Natasha drinks a potion.
Natasha is healed!
You hit Natasha.
Natasha is heavily wounded.
Natasha barely misses you.
You hit Natasha.
Natasha is heavily wounded.
You barely miss Natasha.
Natasha is heavily wounded.
Natasha casts a spell at you. The magic dart hits you.
* * * LOW HITPOINT WARNING * * *
You hit Natasha.
Natasha is severely wounded.
Natasha stares at you and mumbles some strange words.
The magic dart hits you!
You die...

,*******,####*,,.÷,,,*
***,,*
,*,,,,,,,#..#**#.#****
***,,,**
,,,******#..## #.#
*,,)*** ,*** ##..###.#
**#**,*** ,*
##..##.#*###..,,,* ,*
#..##.##....***** ,*
#..#.....#*** ,*
#....#.###### **
#...#@h.....#***
#..##.#.###...,***
#..##.#.#*,,,*,,,**
#..##.#.#,,,,,**,,*
#..#..#..,,,,,,**>**
#..#.###.,,,,,,**,,*
** #....*
*..,,,,^***,*** ,*
*********,*.#*
*#.,,÷,** *,,,,
,***,,,,,,,,,,,*
**,,,,,** ****,


You could see Natasha.

Vanquished Creatures
  A howler monkey (D:2)
  Natasha (D:2)
  2 adders (D:2)
  A dart slug (D:1)
  2 ball pythons (D:1)
  4 bats
  5 endoplasms
  2 giant cockroaches (D:2)
  2 hobgoblins
  3 kobolds
  A quokka (D:1)
  2 frilled lizards
  A goblin (D:1)
  4 rats
31 creatures vanquished.

Notes
Turn   | Place    | Note
-------+----------+-------------------------------------------
     0 | D:1      | YayAnonymity the Spriggan Enchanter began the quest for the
                  | Orb.
     0 | D:1      | Reached XP level 1. HP: 9/9 MP: 5/5
   309 | D:1      | Reached XP level 2. HP: 12/13 MP: 6/6
   365 | D:1      | Learned a level 2 spell: Ensorcelled Hibernation
  1510 | D:2      | Noticed Natasha
  1517 | D:2      | Killed Natasha
  1518 | D:2      | Reached skill level 5 in Stealth
  1518 | D:2      | Reached XP level 3. HP: 16/16 MP: 8/8
  1624 | D:2      | Reached XP level 4. HP: 21/21 MP: 6/9
  1994 | D:2      | Noticed Natasha
  2013 | D:2      | Killed from afar by Natasha

Illustrated notes

Levels and vault maps discovered:
D:1:      sevenhm_arrival_forest_fort_large_2, layout_basic
D:2:      layout_rooms, uniq_natasha

Skill      XL: |  1  2  3 |
---------------+----------+-----
Short Blades   | 2 3 |  3.6
Hexes          | 4 |  4.5
Stealth        | 5 |  5.6
Dodging        | |  2.6
Spellcasting   | |  2.6

Action                   |  1- 3 |  4- 6 || total
-------------------------+-------+-------++-------
Melee: Dagger            |    58 |    24 ||    82
       Punch             |       |     1 ||     1
 Cast: Ensorcelled Hiber |    10 |     2 ||    12
 Stab: Sleeping          |    13 |     5 ||    18
Armor: Robe              |     7 |     2 ||     9
Dodge: Dodged            |    46 |     4 ||    50

Table legend: (Time is in decaauts)
 A = Elapsed time spent in this place.
 B = Non-inter-level travel time spent in this place.
 C = Inter-level travel time spent in this place.
 D = Time resting spent in this place.
 E = Time spent auto-exploring this place.
 F = Levels seen in this place.
 G = Mean time per level.
                   A        B        C        D        E       F      G
               +--------+--------+--------+--------+--------+-----+--------+
         Total |   1548 |   1475 |     73 |    133 |   1039 |   2 |  774.0 |
       Dungeon |   1548 |   1475 |     73 |    133 |   1039 |   2 |  774.0 |
               +--------+--------+--------+--------+--------+-----+--------+

Top non-repeatable levels by time:
     D:1: 1128 daAuts
     D:2: 420 daAuts
